 Dungeon Crawl Stone Soup version 0.29-a0-668-g12ee2bf84d (webtiles) character file.

Game seed: 4156054634847622286

333 Newt the Skirmisher (level 6, -8/72 HPs)
             Began as a Demonspawn Abyssal Knight on June 23, 2022.
             Was an Initiate of Kikubaaqudgha.
             Mangled by a small abomination (11 damage)
             ... created by the touch of Lugonu
             ... on level 4 of the Dungeon.
             The game lasted 00:12:06 (3100 turns).

Newt the Skirmisher (Demonspawn Abyssal Knight)     Turns: 3100, Time: 00:12:08

Health: -8/72      AC: 23    Str: 14    XL:     6   Next: 27%
Magic:  8/8        EV:  2    Int: 13    God:    Kikubaaqudgha [......]
Gold:   219        SH:  0    Dex: 13    Spells: 8/8 levels left

rFire   . . .      SeeInvis .   s - staff of death
rCold   . . .      Faith    .   (no shield)
rNeg    + . .      Spirit   .   (body armour currently unavailable)
rPois   +          Reflect  .   (helmet currently unavailable)
rElec   .          Harm     .   (cloak currently unavailable)
rCorr   .          Rampage  .   (gloves currently unavailable)
Will    .....      NoTele   +   (boots currently unavailable)
Stlth   +.........              l - amulet of magic regeneration
HPRegen 0.22/turn               (no ring)
MPRegen 0.62/turn               (no ring)

@: tree-form
A: stationary, stasis, torment immunity, boosted hp, (spiny 1), magic
regeneration, (sanguine armour 1)
a: Renounce Religion


You were on level 4 of the Dungeon.
You worshipped Kikubaaqudgha.
Kikubaaqudgha was noncommittal.
You were a tree.
You visited 1 branch of the dungeon, and saw 4 of its levels.
You visited the Abyss 1 time.

You collected 219 gold pieces.

Inventory:

Hand Weapons
 a - a +1 spear
Armour
 b - a +0 leather armour
 c - a +1 chain mail (melded)
 f - a +0 pair of gloves (melded)
 j - a +0 buckler
Magical Staves
 g - a staff of poison
 n - a staff of conjuration
 s - a staff of death (weapon)
Jewellery
 i - a ring of ice
 l - an amulet of magic regeneration (around neck)
Wands
 p - a wand of paralysis (9)
Scrolls
 d - a scroll of poison {unknown}
 e - a scroll of noise {unknown}
 h - a scroll of vulnerability {unknown}
 k - a scroll of fog
 m - 2 scrolls of enchant armour
 u - a scroll of amnesia {unknown}
Potions
 o - a potion of lignification
 q - a potion of flight
 t - a potion of heal wounds {unknown}
 v - a potion of magic {unknown}
 w - a potion of attraction {unknown}
 x - a potion of brilliance {unknown}


   Skills:
 + Level 3.7 Fighting
 - Level 2.3(3.1) Polearms
 * Level 3.2(3.6) Staves
 - Level 2.0 Armour
 + Level 1.3 Dodging
 * Level 1.8 Spellcasting
 * Level 1.3 Necromancy
 - Level 1.3 Poison Magic
 + Level 2.7 Invocations
 * Level 1.3 Evocations


You had 8 spell levels left.
You didn't know any spells.
Your spell library contained the following spells:

 Spells                   Type           Power      Damage    Failure   Level
 Necrotize                Necr           24%        1d5       16%         1
 Apportation              Tloc           2%         N/A       26%         1
 Summon Small Mammal      Summ           4%         N/A       26%         1
 Static Discharge         Conj/Air       1%         N/A       36%         2
 Dispel Undead            Necr           6%         3d8       83%         4
 Sticky Flame             Conj/Fire      1%         2d3       95%         4


Dungeon Overview and Level Annotations

Branches:
Dungeon (4/15)             Temple (0/1) D:4

Altars:
Kikubaaqudgha
Nemelex Xobeh
Uskayaw
Wu Jian
Yredelemnul
The Shining One

Shops:
D:1 *(:[:   D:2 [


Innate Abilities, Weirdness & Mutations

You are a tree.
Your roots penetrate the ground, keeping you stationary.
You cannot be teleported.
You are immune to unholy pain and torment.
Your maximum health is greatly increased.
Your equipment is partially melded.
((You are partially covered in sharp spines.))
You regenerate magic rapidly.
((When seriously injured, your blood forms armour. (AC +0)))


Message History

The small abomination is struck by your spines.
The small abomination hits you. The small abomination hits you!
* * * LOW HITPOINT WARNING * * *
You feel better.
The small abomination hits you but does no damage.
You hit the small abomination but do no damage.
The small abomination is heavily damaged.
The small abomination hits you but does no damage.
You hit the small abomination.
The small abomination is severely damaged.
The small abomination is struck by your spines.
The small abomination hits you but does no damage.
You hit the small abomination.
You punch the small abomination, but do no damage.
The small abomination is severely damaged.
The small abomination hits you.
* * * LOW HITPOINT WARNING * * *
You barely miss the small abomination.
The small abomination is severely damaged.
The small abomination barely misses you.
You closely miss the small abomination.
The small abomination is severely damaged.
The small abomination is struck by your spines.
The small abomination hits you but does no damage.
You hit the small abomination but do no damage.
The small abomination is almost destroyed.
The small abomination is struck by your spines.
The small abomination hits you!
* * * LOW HITPOINT WARNING * * *
Really quaff the potion of lignification?
Okay, then.
Really quaff the potion of lignification?
You turn into a tree.
Your +0 pair of gloves melds into your body.
Your +1 chain mail melds into your body.
Your roots penetrate the ground.
Your blood armour dries and flakes away.
The small abomination hits you!
You die...
Kikubaaqudgha rasps: "You have failed me!
Welcome... death!"

...... #..... #....# #.
#....# .... #....# ....##
#....# ... s.......#
#.÷(.##....
###.........##..<.......
#...#........§§♣.)......
##....o.......§§x######..
..... #.....§§§# .o.
###.....§§# #.##.#
##......##
###...#.###.......#
.x)....###........##
###..##.#..........#
##.#...#............


You could see a small abomination.

Vanquished Creatures
  A scorpion (D:4)
  A vampire bat (D:3)
  2 orc priests
  2 orc wizards
  2 adders (D:2)
  An ufetubus (D:4)
  2 dart slugs (D:2)
  7 orcs
  5 bats
  2 bat skeletons (D:3)
  2 bat zombies (D:3)
  6 endoplasms
  3 giant cockroaches
  5 goblins
  6 hobgoblins
  3 quokkas
  4 ball pythons
  3 frilled lizards (D:2)
  4 kobolds
  5 rats
66 creatures vanquished.

Notes
Turn   | Place    | Note
-------+----------+-------------------------------------------
     0 | Abyss:1  | Newt the Demonspawn Abyssal Knight began the quest for the
                  | Orb.
     0 | Abyss:1  | Reached XP level 1. HP: 18/18 MP: 2/2
   110 | Abyss:1  | Noticed an iron imp
   116 | D:1      | Escaped the Abyss
   314 | D:1      | Found Ciol's Antique Armour Shop.
   366 | D:1      | Found Jioga's Weapon Boutique.
   369 | D:1      | Found a faded altar of an unknown god.
   494 | D:1      | Gained mutation: You regenerate magic rapidly. [demonic
                  | ancestry]
   494 | D:1      | Reached XP level 2. HP: 10/24 MP: 3/3
   667 | D:1      | Found Xanup's Book Shop.
   744 | D:1      | Found Meguel's General Store.
   842 | D:1      | Found Doozxihe's Book Shop.
   857 | D:1      | Reached skill level 1 in Dodging
  1206 | D:2      | Reached *** piety under Lugonu
  1207 | D:2      | Gained mutation: You are partially covered in sharp spines.
                  | [demonic ancestry]
  1207 | D:2      | Reached XP level 3. HP: 23/29 MP: 4/4
  1343 | D:2      | Found Toqoch's Antique Armour Emporium.
  1847 | D:3      | Reached skill level 1 in Staves
  1879 | D:3      | Reached skill level 1 in Poison Magic
  2080 | D:3      | Gained mutation: When seriously injured, your blood forms
                  | armour. (AC +0) [demonic ancestry]
  2080 | D:3      | Reached XP level 4. HP: 35/35 MP: 0/5
  2116 | D:3      | Found a hide-covered altar of Uskayaw.
  2116 | D:3      | Found a sparkling altar of Nemelex Xobeh.
  2144 | D:3      | Found a basalt altar of Yredelemnul.
  2164 | D:3      | Found an ornate altar of the Wu Jian Council.
  2685 | D:3      | Found an ancient bone altar of Kikubaaqudgha.
  2695 | D:3      | Reached skill level 1 in Spellcasting
  2695 | D:3      | Reached XP level 5. HP: 33/41 MP: 6/6
  2762 | D:3      | Fell from the grace of Lugonu
  2762 | D:3      | Became a worshipper of Kikubaaqudgha
  2802 | D:3      | Reached skill level 1 in Evocations
  2978 | D:3      | Noticed a small abomination
  3002 | D:4      | Found a staircase to the Ecumenical Temple.
  3012 | D:4      | Reached skill level 1 in Necromancy
  3049 | D:4      | Reached XP level 6. HP: 30/48 MP: 8/8
  3062 | D:4      | Noticed a small abomination
  3099 | D:4      | HP: 2/48 [small abomination[the touch of Lugonu] (13)]
  3100 | D:4      | Mangled by a small abomination

Illustrated notes

Levels and vault maps discovered:
D:1:      dpeg_cavernosity, layout_rooms, basic_ecumenical_altar, serial_shops,
          nicolae_shop_statue_plus, shop, shop, nicolae_shop_trees,
          nicolae_shop_hallway_stairs
D:2:      wad_crossroads, layout_basic, serial_shops, nicolae_lakefront_shop
D:3:      layout_loops_ring, minmay_overflow_temple_star_hex,
          kennysheep_vampire_church
D:4:      layout_layer_cave, temple_pool_b, uniq_robin

Skill      XL: |  1  2  3  4  5  6 |
---------------+-------------------+-----
Armour         | 2 |  2.0
Polearms       | 2 |  2.3
Dodging        | 1 |  1.3
Staves         | 1 2 3 |  3.2
Poison Magic   | 1 |  1.3
Spellcasting   | 1 |  1.8
Evocations     | 1 |  1.3
Necromancy     | 1 |  1.3
Fighting       | |  3.7
Invocations    | |  2.7

Action                   |  1- 3 |  4- 6 || total
-------------------------+-------+-------++-------
Melee: Spear             |    41 |       ||    41
       Punch             |     3 |     1 ||     4
       Staff             |   104 |    86 ||   190
Invok: Banish            |     1 |       ||     1
  Use: Scroll            |       |     5 ||     5
       Potion            |       |     2 ||     2
Armor: Chain mail        |    89 |    76 ||   165
Dodge: Dodged            |    41 |    24 ||    65

Table legend: (Time is in decaauts)
 A = Elapsed time spent in this place.
 B = Non-inter-level travel time spent in this place.
 C = Inter-level travel time spent in this place.
 D = Time resting spent in this place.
 E = Time spent auto-exploring this place.
 F = Levels seen in this place.
 G = Mean time per level.
                   A        B        C        D        E       F      G
               +--------+--------+--------+--------+--------+-----+--------+
         Total |   3118 |   3079 |     39 |    311 |   1974 |   5 |  623.6 |
       Dungeon |   3002 |   2963 |     39 |    311 |   1865 |   4 |  750.5 |
         Abyss |    116 |    116 |      0 |      0 |    109 |   1 |  116.0 |
               +--------+--------+--------+--------+--------+-----+--------+

Top non-repeatable levels by time:
     D:3: 1136 daAuts
     D:2: 973 daAuts
     D:1: 760 daAuts
     D:4: 131 daAuts
 Abyss:1: 116 daAuts
